 Dungeon Crawl Stone Soup version 0.29-a0-393-g47a863cc1b (webtiles) character file.

Game seed: 11385520863267803267

255 ytrimaz the Cutter (level 5, 0/41 HPs)
             Began as a Demonspawn Fighter on May 9, 2022.
             Was an Initiate of Cheibriados.
             Slain by an ufetubus (4 damage)
             ... summoned by Eustachio
             ... on level 4 of the Dungeon.
             The game lasted 00:02:20 (1861 turns).

ytrimaz the Cutter (Demonspawn Fighter)             Turns: 1861, Time: 00:02:21

Health: 0/41       AC: 13    Str: 19    XL:     5   Next: 91%
Magic:  5/5        EV:  9    Int: 11    God:    Cheibriados [......]
Gold:   84         SH: 10    Dex: 13    Spells: 4/4 levels left

rFire   . . .      SeeInvis .   a - +1 rapier
rCold   . . .      Faith    .   c - +0 buckler
rNeg    . . .      Spirit   .   b - +0 scale mail
rPois   .          Reflect  +   q - +1 helmet
rElec   .          Harm     .   o - +0 cloak
rCorr   .          Rampage  .   (no gloves)
Will    .....                   (no boots)
Stlth   ..........              f - amulet of reflection
HPRegen 0.13/turn               (no ring)
MPRegen 0.09/turn               (no ring)

@: hasted, quick
A: thin metallic scales 2
a: Renounce Religion


You were on level 4 of the Dungeon.
You worshipped Cheibriados.
Cheibriados was noncommittal.
You visited 1 branch of the dungeon, and saw 4 of its levels.

You collected 84 gold pieces.

Inventory:

Hand Weapons
 a - a +1 rapier (weapon)
Armour
 b - a +0 scale mail (worn)
 c - a +0 buckler (worn)
 m - the +2 pair of boots of Qojorote {Dex+4}
   (You found it on level 4 of the Dungeon)

   Dex:       It affects your dexterity (+4).
 o - a +0 cloak (worn)
 q - a +1 helmet (worn)
Jewellery
 f - an amulet of reflection (around neck)
Scrolls
 g - a scroll of silence
 j - 2 scrolls of vulnerability
Potions
 e - a potion of curing {unknown}
 h - 2 potions of berserk rage {unknown}
 i - a potion of degeneration {unknown}
 k - a potion of resistance {unknown}
 l - a potion of magic {unknown}
 n - a potion of heal wounds {unknown}


   Skills:
 + Level 3.4 Fighting
 * Level 4.7 Short Blades
 + Level 3.2 Armour
 + Level 3.3 Shields


You had 4 spell levels left.
You didn't know any spells.
Your spell library contained the following spells:

 Spells                   Type           Power      Damage    Failure   Level
 Sting                    Tmut/Pois      0%         1d3       80%         1
 Gell's Gravitas          Tloc           0%         N/A       99%         3
 Lesser Beckoning         Tloc           0%         N/A       99%         3
 Teleport Other           Tloc           0%         N/A       99%         3
 Sticky Flame             Conj/Fire      0%         2d3       100%        4
 Starburst                Conj/Fire      0%         6d3       100%        6
 Lehudib's Crystal Spear  Conj/Erth      0%         10d2      100%        8


Dungeon Overview and Level Annotations

Branches:
Dungeon (3/15)

Altars:
Cheibriados
Dithmenos
Fedhas
Yredelemnul

Annotations:
D:4 Eustachio


Innate Abilities, Weirdness & Mutations

You are mostly covered in thin metallic scales. (AC +3)


Message History

You block Eustachio's attack. You block the hound's attack.
The ufetubus closely misses you. The ufetubus hits you.
The quokka bites you but does no damage.
The white imp hits you but does no damage.
You puncture Eustachio!
Eustachio is heavily wounded.
The quokka misses you. The hound bites you but does no damage.
Eustachio screams, "Hey, you killed my favourite bat!"
You block Eustachio's attack. You block the ufetubus's attack.
The ufetubus barely misses you.
Unknown command.
You hit Eustachio.
Eustachio is heavily wounded.
The quokka bites you but does no damage. x2
The white imp hits you but does no damage.
The ufetubus hits you. You block the ufetubus's attack.
The hound barely misses you.
You puncture Eustachio!
Eustachio is severely wounded.
The quokka bites you but does no damage. x2
Eustachio mumbles some strange words.
You hit Eustachio but do no damage.
Eustachio is severely wounded.
You block the hound's attack. The ufetubus hits you.
You block the ufetubus's attack. The white imp gestures at you.
The puff of frost hits you!
* * * LOW HITPOINT WARNING * * *
The quokka bites you but does no damage.
You block the hound's attack. The quokka barely misses you.
You barely miss Eustachio.
Eustachio is severely wounded.
The ufetubus hits you but does no damage.
The ufetubus closely misses you. Eustachio closely misses you.
The quokka closely misses you.
Unknown command.
You barely miss Eustachio.
Eustachio is severely wounded.
The hound bites you but does no damage. The ufetubus hits you.
You die...

#######+#####
.......5....#
......r5r...#
....?.h@@...#
........5....#
.............#
##############


You could see Eustachio, a hound, a crimson imp (summoned), a white imp
(summoned), an ufetubus (summoned) and 2 quokkas.

Vanquished Creatures
  Grinder (D:3)
  An adder (D:2)
  2 worms
  A dart slug (D:3)
  2 endoplasms
  2 giant cockroaches
  4 goblins
  3 hobgoblins
  4 jackals
  A quokka (D:1)
  3 ball pythons
  3 bats
  A frilled lizard (D:2)
  6 kobolds
  2 rats (D:2)
36 creatures vanquished.

Notes
Turn   | Place    | Note
-------+----------+-------------------------------------------
     0 | D:1      | ytrimaz the Demonspawn Fighter began the quest for the Orb.
     0 | D:1      | Reached XP level 1. HP: 18/18 MP: 1/1
   596 | D:1      | Reached skill level 2 in Short Blades
   596 | D:1      | Gained mutation: You are partially covered in thin metallic
                  | scales. (AC +2) [demonic ancestry]
   596 | D:1      | Reached XP level 2. HP: 24/24 MP: 2/2
  1018 | D:2      | Reached XP level 3. HP: 29/29 MP: 3/3
  1094 | D:2      | Found a basalt altar of Yredelemnul.
  1461 | D:3      | Noticed Grinder
  1463 | D:3      | Paralysed by Grinder for 4 turns
  1480 | D:3      | Killed Grinder
  1481 | D:3      | Reached skill level 4 in Short Blades
  1481 | D:3      | Reached XP level 4. HP: 35/35 MP: 4/4
  1481 | D:3      | Gained mutation: You are mostly covered in thin metallic
                  | scales. (AC +3) [demonic ancestry]
  1481 | D:3      | Reached XP level 5. HP: 41/41 MP: 5/5
  1567 | D:3      | Found a snail-covered altar of Cheibriados.
  1581 | D:3      | Became a worshipper of Cheibriados the Contemplative
  1657 | D:3      | Found a faded altar of an unknown god.
  1685 | D:3      | Found a blossoming altar of Fedhas.
  1760 | D:3      | Got the Almanac of Vitriolic Arcane Weapons
  1839 | D:3      | Found a shadowy altar of Dithmenos.
  1845 | D:3      | You fall into a shaft and drop 1 floor!
  1845 | D:4      | Noticed Eustachio
  1846 | D:4      | Identified the +2 pair of boots of Qojorote {Dex+4}
  1861 | D:4      | Slain by an ufetubus

Illustrated notes

Levels and vault maps discovered:
D:1:      wheals_arrival_shading, layout_loops_ring, chequers_mini_garden,
          minmay_misc_feat_square, corexii_leaking_fountain
D:2:      layout_rooms, basic_altar, wad_floor_pattern_untrapped,
          kennysheep_generic_room_12
D:3:      layout_basic, mainiacjoe_overflow_concentric_impassable,
          mainiacjoe_overflow_chevrons, slow_altar_1,
          ebering_ecumenical_altar_rust, minmay_misc_feat_rugged, uniq_grinder
D:4:      layout_basic, lemuel_coloured_pillars_altar,
          nicolae_gozag_cash_rules_everything_around_me, uniq_eustachio

Skill      XL: |  1  2  3 |
---------------+----------+-----
Short Blades   | 2 4 |  4.7
Armour         | 3 |  3.2
Shields        | 3 |  3.3
Fighting       | |  3.4

Action                   |  1- 3 |  4- 6 || total
-------------------------+-------+-------++-------
Melee: Rapier            |   106 |    34 ||   140
  Use: Scroll            |     5 |     1 ||     6
       Potion            |     1 |     1 ||     2
Armor: Scale mail        |    60 |    32 ||    92
Dodge: Dodged            |    36 |    29 ||    65
Block: Buckler           |    49 |    27 ||    76

Table legend: (Time is in decaauts)
 A = Elapsed time spent in this place.
 B = Non-inter-level travel time spent in this place.
 C = Inter-level travel time spent in this place.
 D = Time resting spent in this place.
 E = Time spent auto-exploring this place.
 F = Levels seen in this place.
 G = Mean time per level.
                   A        B        C        D        E       F      G
               +--------+--------+--------+--------+--------+-----+--------+
         Total |   1937 |   1848 |     89 |      0 |   1430 |   4 |  484.2 |
       Dungeon |   1937 |   1848 |     89 |      0 |   1430 |   4 |  484.2 |
               +--------+--------+--------+--------+--------+-----+--------+

Top non-repeatable levels by time:
     D:1: 909 daAuts
     D:2: 510 daAuts
     D:3: 503 daAuts
     D:4: 13 daAuts
